Construct Infanterie Kompanie
Selects Luftwaffe Battlegroup
Selects Luftwaffe Pioneer Support
Selects Reconnaissance Run
Fallschirmpioneer Squad Paradrop
Construct Luftwaffe Kompanie
Flak 30 Anti-aircraft Gun Team
Selects Fallschirmjäger Squad Paradrop
Fallschirmjäger Squad Paradrop
Fallschirmpioneer Squad Paradrop
Fallschirmjäger Squad Paradrop
Selects Fragmentation Bombs
Selects Flak 38 Anti-Air Emplacement
Fallschirmpioneer Squad Paradrop
Fallschirmpioneer Squad Paradrop